 Dungeon Crawl Stone Soup version 0.26.1-2-gb8aa6d0cf2 (webtiles) character file.

Game seed: 9868229888307507756

548 sking99 the Chopper (level 7, -5/52 HPs)
             Began as a Demonspawn Fighter on Feb 21, 2021.
             Slain by an iguana (10 damage)
             ... on level 6 of the Dungeon.
             The game lasted 00:05:18 (3915 turns).

sking99 the Chopper (Demonspawn Fighter)            Turns: 3915, Time: 00:05:19

Health: -5/52      AC:  7    Str: 18    XL:     7   Next: 7%
Magic:  7/7        EV:  8    Int:  9    God:
Gold:   134        SH:  9    Dex: 13    Spells: 6/6 levels left

rFire    . . .     SeeInvis .   a - +0 war axe
rCold    . . .     Faith    .   c - +0 kite shield
rNeg     . . .     Spirit   .   b - +0 scale mail
rPois    .         Reflect  .   (no helmet)
rElec    .         Harm     .   (no cloak)
rCorr    .         Rampage  .   (no gloves)
Will     .....                  j - +0 pair of boots
Stlth    ..........             (no amulet)
HPRegen  0.17/turn              (no ring)
MPRegen  0.10/turn              (no ring)

@: no status effects
A: talons 1, powered by pain 2, miasma immunity, sturdy frame 1
a: no special abilities


You were on level 6 of the Dungeon.
You visited 1 branch of the dungeon, and saw 5 of its levels.

You collected 134 gold pieces.

Inventory:

Hand Weapons
 a - a +0 war axe (weapon)
Armour
 b - a +0 scale mail (worn)
 c - a +0 kite shield (worn)
 j - a +0 pair of boots (worn)
Jewellery
 e - a cursed -4 ring of protection {unknown}
Wands
 m - a wand of flame (31)
 r - a wand of disintegration (8)
 s - a wand of polymorph (13)
Scrolls
 f - 3 scrolls of enchant armour {unknown}
 g - 2 scrolls of teleportation {unknown}
 h - a scroll of magic mapping {unknown}
 i - a scroll of remove curse {unknown}
 l - 4 scrolls of identify {unknown}
 o - a scroll of amnesia {unknown}
 p - a scroll of blinking {unknown}
Potions
 d - a potion of curing
 k - 2 potions of haste {unknown}
 n - 2 potions of heal wounds {unknown}
 q - a potion of brilliance {unknown}
 t - a potion of ambrosia {unknown}


   Skills:
 - Level 3.0 Fighting
 * Level 5.9 Axes
 - Level 2.6 Armour
 + Level 4.7 Shields


You had 6 spell levels left.
You didn't know any spells.
Your spell library was empty.

Dungeon Overview and Level Annotations

Branches:
Dungeon (4/15)
 Temple: D:4-7

Altars:
Vehumet


Innate Abilities, Weirdness & Mutations

You have sharp toenails.
You sometimes gain power by taking damage.
You are immune to miasma.
Your movements are slightly less encumbered by armour. (ER -2)


Message History

The iguana is almost dead.
The iguana bites you!
* * * LOW HITPOINT WARNING * * *
You hit the iguana but do no damage.
The iguana is almost dead.
The iguana bites you.
* * * LOW HITPOINT WARNING * * *
You barely miss the iguana.
The iguana is almost dead.
The iguana barely misses you. You block the iguana's attack.
You closely miss the iguana.
The iguana is almost dead.
You block the iguana's attack.
You hit the iguana but do no damage.
The iguana is almost dead.
You block the iguana's attack.
You barely miss the iguana.
The iguana is almost dead.
You block the iguana's attack. The iguana bites you!
You die...

... #.#......#
... #.#......#
... ..###.####
## #.#
########.#
#........#
#.######## #.#
#@#
........l......
..#...###......
#... )..... #..
..... ### .....
.... ##.#


You could see an iguana.

Vanquished Creatures
  Sigmund (D:2)
  A centaur (D:6)
  A quasit (D:6)
  A centaur skeleton (D:6)
  A hound (D:6)
  Terence (D:2)
  A bullfrog skeleton (D:6)
  Ijyb (D:3)
  Robin (D:3)
  3 adders
  An ufetubus (D:6)
  An ooze (D:3)
  2 worms
  An adder skeleton (D:2)
  2 dart slugs (D:1)
  2 orcs (D:3)
  4 bats
  2 giant cockroaches
  13 goblins
  9 hobgoblins
  9 jackals
  2 quokkas
  3 frilled lizards
  A jackal zombie (D:2)
  5 kobolds
  A quokka skeleton (D:2)
  5 rats
75 creatures vanquished.

Vanquished Creatures (others)
  5 withered plants (D:2)
5 creatures vanquished.

Grand Total: 80 creatures vanquished

Notes
Turn   | Place    | Note
-------+----------+-------------------------------------------
     0 | D:1      | sking99 the Demonspawn Fighter began the quest for the Orb.
     0 | D:1      | Reached XP level 1. HP: 18/18 MP: 1/1
     5 | D:1      | Noticed a five-headed hydra
   118 | D:1      | Reached skill level 2 in Axes
   423 | D:1      | Gained mutation: You sometimes gain a little power by
                  | taking damage. [demonic ancestry]
   423 | D:1      | Reached XP level 2. HP: 22/24 MP: 2/2
  1083 | D:1      | Noticed a black mamba
  1329 | D:2      | Gained mutation: You have sharp toenails. [demonic
                  | ancestry]
  1329 | D:2      | Reached XP level 3. HP: 26/29 MP: 3/3
  1469 | D:2      | Reached skill level 3 in Axes
  1491 | D:2      | Noticed Sigmund
  1529 | D:2      | Killed Sigmund
  1530 | D:2      | Reached skill level 4 in Axes
  1530 | D:2      | Gained mutation: You are immune to miasma. [demonic
                  | ancestry]
  1530 | D:2      | Reached XP level 4. HP: 4/35 MP: 4/4
  1530 | D:2      | Gained mutation: You sometimes gain power by taking damage.
                  | [demonic ancestry]
  1530 | D:2      | Reached XP level 5. HP: 5/41 MP: 5/5
  1891 | D:2      | Noticed Terence
  1900 | D:2      | Killed Terence
  2438 | D:3      | Reached XP level 6. HP: 47/47 MP: 6/6
  2805 | D:3      | Reached skill level 5 in Axes
  2897 | D:3      | Noticed Ijyb
  2902 | D:3      | Noticed Robin
  2909 | D:3      | Killed Ijyb
  2928 | D:3      | Killed Robin
  3260 | D:4      | You fall into a shaft and drop 2 floors!
  3737 | D:6      | Found a radiant altar of Vehumet.
  3901 | D:6      | Gained mutation: Your movements are slightly less
                  | encumbered by armour. (ER -2) [demonic ancestry]
  3901 | D:6      | Reached XP level 7. HP: 50/52 MP: 7/7
  3915 | D:6      | Slain by an iguana

Illustrated notes

Levels and vault maps discovered:
D:1:      sevenhm_arrival_forest_fort_small_2, layout_basic, kennysheep_boxes
D:2:      layout_loops_ring, serial_undead, serial_undead_b, serial_undead_e,
          serial_undead_b, serial_undead_c, uniq_sigmund, uniq_terence
D:3:      layout_basic, uniq_ijyb, uniq_robin
D:4:      layout_cave_pools, serial_rivers, chequers_serial_rivers_marsh,
          chequers_serial_rivers_large_b, chequers_serial_rivers_micro_c,
          chequers_serial_rivers_micro_c, chequers_serial_rivers_micro_e,
          chequers_serial_rivers_micro_a, uniq_pikel, uniq_crazy_yiuf_cottage
D:6:      cheibrodos_barr_body, layout_basic, vehumet_crystals

Skill      XL: |  1  2  3  4  5  6 |
---------------+-------------------+-----
Axes           | 2 4 5 |  5.9
Shields        | 3 4 |  4.7
Fighting       | |  3.0
Armour         | |  2.6

Action                   |  1- 3 |  4- 6 |  7- 9 || total
-------------------------+-------+-------+-------++-------
Melee: War axe           |   100 |   149 |    15 ||   264
       Kick              |     1 |       |       ||     1
  Use: Potion            |     1 |       |       ||     1
Armor: Scale mail        |    45 |    58 |     4 ||   107
Dodge: Dodged            |    29 |    65 |     2 ||    96
Block: Kite shield       |    46 |    96 |    11 ||   153
